[Event "Orbis-2 GM 2019"]
[Site "Paracin"]
[Date "2019.07.13"]
[Round "1.1"]
[White "Eswaran, Ashritha"]
[Black "Lim, Zhuo Ren"]
[Result "1/2-1/2"]
[ECO "B90"]
[WhiteElo "2257"]
[BlackElo "2217"]
[Annotator "NA"]
[PlyCount "107"]
[EventDate "2019.07.13"]
[EventType "tourn"]
[EventCountry "SRB"]
[SourceTitle "playchess.com"]
[Source "ChessBase"]
[SourceQuality "1"]
[TimeControl "40/5400+30:1800+30"]

1. e4 c5 2. Nf3 d6 3. d4 cxd4 4. Nxd4 Nf6 5. Nc3 a6 6. Be3 e5 7. Nf3 Be7 8. Bc4 O-O 9. O-O Be6 10. Bb3 b5 11. Nd5 Nxd5 12. Bxd5 Bxd5 13. Qxd5 Nd7 14. Rfd1 Qc7 15. c3 h6 16. Qd3 Qc6 17. a4 bxa4 18. Qc2 Rfb8 19. Nd2 Nf6 20. Rdb1 Rb4 21. Qd1 Rb5 22. Qxa4 Qb7 23. c4 Rb4 24. Qc2 Ng4 25. Nf1 Rb8 26. Ra2 Bd8 27. h3 Nf6 28. Ng3 Rc8 29. Ra4 Rxa4 30. Qxa4 Nxe4 31. Nxe4 Qxe4 32. Qe8+ Kh7 33. Rc1 Qb7 34. Qa4 a5 35. Rc2 Qc6 36. Qa3 Qe4 37. Rc3 Rxc4 38. Rxc4 Qxc4 39. Qxd6 Bc7 40. Qd7 a4 41. g3 g6 42. h4 h5 43. Qe7 Kg7 44. Bc5 Bb8 45. Qf8+ Kh7 46. Be3 Qc7 47. Bg5 Ba7 48. Qh6+ Kg8 49. Bf6 Bxf2+ 50. Kf1 Qc4+ 51. Kxf2 Qc2+ 52. Kg1 Qb1+ 53. Kg2 Qe4+ 54. Kg1 1/2-1/2

[Event "Orbis-2 GM 2019"]
[Site "Paracin"]
[Date "2019.07.13"]
[Round "1.2"]
[White "Audi Ameya"]
[Black "Nie, Xinyang"]
[Result "1-0"]
[ECO "B13"]
[WhiteElo "2328"]
[BlackElo "2375"]
[Annotator "NA"]
[PlyCount "57"]
[EventDate "2019.07.13"]
[EventType "tourn"]
[EventCountry "SRB"]
[SourceTitle "playchess.com"]
[Source "ChessBase"]
[SourceQuality "1"]
[TimeControl "40/5400+30:1800+30"]

1. e4 c6 2. d4 d5 3. exd5 cxd5 4. Nf3 Nf6 5. Ne5 Nbd7 6. Bd3 g6 7. O-O Bg7 8. Re1 O-O 9. Nf3 e5 10. dxe5 Ng4 11. Bf4 Qb6 12. Qd2 Qxb2 13. Nc3 Ngxe5 14. Nxe5 Nxe5 15. Nxd5 Nxd3 16. Qxd3 Be6 17. Rab1 Qxa2 18. Ne7+ Kh8 19. Rxb7 Rfe8 20. Qe3 Qa5 21. h4 Qc3 22. Qc1 a5 23. h5 gxh5 24. Bd6 a4 25. Ba3 Reb8 26. Bb2 Rxb7 27. Bxc3 Bxc3 28. Qa3 Bxe1 29. Qa1+ 1-0

[Event "Orbis-2 GM 2019"]
[Site "Paracin"]
[Date "2019.07.13"]
[Round "1.3"]
[White "Lee, Jun Hyeok"]
[Black "Kosic, Dragan"]
[Result "1-0"]
[ECO "A46"]
[WhiteElo "2383"]
[BlackElo "2482"]
[Annotator "ChessBase"]
[PlyCount "47"]
[EventDate "2019.07.13"]
[EventType "tourn"]
[EventCountry "SRB"]
[SourceTitle "playchess.com"]
[Source "ChessBase"]
[SourceQuality "1"]
[TimeControl "40/5400+30:1800+30"]

1. d4 e6 2. Nf3 Nf6 3. e3 b6 4. Bd3 Bb7 5. O-O d5 6. b3 Bd6 7. Bb2 c5 8. Nbd2 O-O 9. Qe2 cxd4 10. exd4 Nc6 11. a3 Rc8 12. Ne5 Ne7 13. f4 Rc7 14. c4 Qa8 15. Rae1 a6 16. g4 dxc4 17. bxc4 Ng6 18. g5 Bxe5 19. fxe5 Nd7 20. Qh5 Rd8 21. Rxf7 Ndxe5 22. Rxc7 Nxd3 23. d5 Nxb2 24. Ne4 1-0

[Event "Orbis-2 GM 2019"]
[Site "Paracin"]
[Date "2019.07.13"]
[Round "1.4"]
[White "Djordjevic, Vuk"]
[Black "Savic, Miodrag R"]
[Result "0-1"]
[ECO "D38"]
[WhiteElo "2412"]
[BlackElo "2503"]
[Annotator "ChessBase"]
[PlyCount "62"]
[EventDate "2019.07.13"]
[EventType "tourn"]
[EventCountry "SRB"]
[SourceTitle "playchess.com"]
[Source "ChessBase"]
[SourceQuality "1"]
[TimeControl "40/5400+30:1800+30"]

1. d4 d5 2. c4 e6 3. Nf3 Nf6 4. Nc3 Bb4 5. cxd5 exd5 6. Bg5 O-O 7. Qb3 Bxc3+ 8. bxc3 Nbd7 9. e3 c5 10. Ne5 cxd4 11. Nxd7 Bxd7 12. Bxf6 gxf6 13. exd4 Re8+ 14. Kd2 Bf5 15. Be2 Re6 16. Bf3 Rb6 17. Qa3 Ra6 18. Qb4 Rb6 19. Qa3 Qc7 20. g3 Qc6 21. Rhe1 Qb5 22. Re3 Rc8 23. Ke1 Re8 24. Rxe8+ Qxe8+ 25. Kf1 Bh3+ 26. Kg1 Qb5 27. Qc1 Kg7 28. Qd2 Re6 29. Re1 Qd3 30. Qxd3 Rxe1+ 31. Qf1 Rxf1# 0-1

[Event "Orbis-2 GM 2019"]
[Site "Paracin"]
[Date "2019.07.14"]
[Round "2.5"]
[White "Eswaran, Ashritha"]
[Black "Audi Ameya"]
[Result "0-1"]
[ECO "B48"]
[WhiteElo "2257"]
[BlackElo "2328"]
[Annotator "ChessBase"]
[PlyCount "76"]
[EventDate "2019.07.13"]
[EventType "tourn"]
[EventCountry "SRB"]
[SourceTitle "playchess.com"]
[Source "ChessBase"]
[SourceQuality "1"]
[TimeControl "40/5400+30:1800+30"]

1. e4 c5 2. Nf3 e6 3. d4 cxd4 4. Nxd4 Nc6 5. Nc3 Qc7 6. Be3 a6 7. Qf3 d6 8. O-O-O Bd7 9. Qg3 Nf6 10. Kb1 Rc8 11. Bd3 Ne5 12. f4 Nc4 13. Bxc4 Qxc4 14. e5 dxe5 15. fxe5 Nd5 16. Nxd5 exd5 17. Rhf1 Be6 18. Rf2 g6 19. Qf3 Be7 20. g3 Kd7 21. Rd3 Rhf8 22. b3 Qb4 23. Qd1 Rc3 24. a3 Rxd3 25. Qxd3 Qxa3 26. c3 Qa5 27. Rc2 Rc8 28. h4 Qc7 29. Bf4 Qb6 30. Kc1 Bc5 31. Be3 Bxd4 32. Bxd4 Qxb3 33. Rb2 Qa3 34. Qf3 Rc4 35. Qf6 Qa1+ 36. Rb1 Rxc3+ 37. Kd2 Qxb1 38. Bxc3 Qa2+ 0-1